 Dungeon Crawl Stone Soup version 0.22-a0-455-ga0624bf (webtiles) character file.

91 KristoblXynda the Covered (level 4, -2/40 HPs)
             Began as a Deep Dwarf Fighter on June 5, 2018.
             Slain by a worm (7 damage)
             ... on level 2 of the Dungeon.
             The game lasted 00:02:19 (1413 turns).

KristoblXynda the Covered (Deep Dwarf Fighter)      Turns: 1413, Time: 00:02:19

Health: -2/40      AC:  7    Str: 20    XL:     4   Next: 34%
Magic:  4/4        EV:  7    Int:  9    God:
Gold:   42         SH:  9    Dex: 12    Spells: 3/3 levels left

rFire    + . .     SeeInvis .   a - +0 war axe
rCold    . . .     Gourm    .   c - +0 shield
rNeg     . . .     Faith    .   b - +0 scale mail
rPois    .         Spirit   .   (no helmet)
rElec    .         Reflect  .   (no cloak)
rCorr    .         Harm     .   (no gloves)
MR       .....                  (no boots)
Stlth    ..........             (no amulet)
HPRegen  0.00/turn              n - ring of protection from fire
MPRegen  0.09/turn              (no ring)

@: non-regenerating
A: damage resistance, heal wounds, sense surroundings 1, no regeneration
a: Heal Wounds


You were on level 2 of the Dungeon.
You were hungry.

You visited 1 branch of the dungeon, and saw 2 of its levels.

You collected 42 gold pieces.

Inventory:

Hand Weapons
 a - a +0 war axe (weapon)
Missiles
 e - 5 javelins (quivered)
Armour
 b - a +0 scale mail (worn)
 c - a +0 shield (worn)
Jewellery
 n - a ring of protection from fire (left hand)
Wands
 q - a wand of flame (26)
Scrolls
 j - 2 scrolls of teleportation {unknown}
 k - 3 scrolls of remove curse {unknown}
 l - a scroll of amnesia {unknown}
 o - a scroll of random uselessness {unknown}
 p - a scroll of enchant armour {unknown}
 r - a scroll of immolation {unknown}
Potions
 d - a potion of might
 g - a potion of curing {unknown}
 h - 3 potions of agility {unknown}
 i - 3 potions of flight {unknown}
 m - a potion of heal wounds {unknown}
Comestibles
 f - a ration


   Skills:
 - Level 2.6 Fighting
 * Level 4.0 Axes
 + Level 4.0 Armour
 + Level 4.0 Shields


You had 3 spell levels left.
You didn't know any spells.
Your spell library was empty.

Dungeon Overview and Level Annotations

Branches:
Dungeon (2/15)

Altars:
Cheibriados


Innate Abilities, Weirdness & Mutations

You are resistant to damage.
You can heal yourself by infusing magical energy.
You passively map a small area around you.
You do not regenerate.


Message History

A worm is nearby!
You block the worm's attack.
You hit the worm but do no damage. The worm closely misses you.
You slash the worm!
The worm is moderately wounded.
You hit the worm but do no damage.
The worm is moderately wounded.
You block the worm's attack.
You barely miss the worm.
The worm is moderately wounded.
You block the worm's attack.
You barely miss the worm.
The worm is moderately wounded.
The worm bites you!
* * * LOW HITPOINT WARNING * * *
You hit the worm.
The worm is moderately wounded.
An adder comes into view.
The worm bites you!
You die...

..#.#.## #.# .......# #.#
....#..# #.# ...##..# #[#
...# .# **##### #.#
.#.#*... , , ..?# #.#
.#.##.##########.######.#
......# #......$.......#
....###,
.....##@########* .#..#
#.##....w.....S .#..# ,
#.............., )#..###,
#######.#######,
......#,* #.# * ....#.#,*
#.# * ###.#.# #.# *, #
#.#.# * #.# , ###.#.# * *
,*


You could see a worm and an adder (wandering).

Vanquished Creatures
  A worker ant (D:2)
  4 gnolls
  An adder (D:2)
  4 bats
  3 hobgoblins (D:1)
  2 jackals (D:1)
  3 goblins
  A kobold (D:1)
  3 rats
22 creatures vanquished.

Notes
Turn   | Place    | Note
-------+----------+-------------------------------------------
     0 | D:1      | KristoblXynda the Deep Dwarf Fighter began the quest for the Orb.
     0 | D:1      | Reached XP level 1. HP: 20/20 MP: 1/1
   647 | D:1      | Reached XP level 2. HP: 25/27 MP: 2/2
   921 | D:2      | Reached XP level 3. HP: 20/33 MP: 3/3
  1216 | D:2      | Reached XP level 4. HP: 11/40 MP: 4/4
  1277 | D:2      | Found a snail-covered altar of Cheibriados.
  1413 | D:2      | Slain by a worm

Vault maps used:
D:1:      lemuel_arrival_lava_pool
D:2:      lemuel_coloured_pillars_altar, doesnt_xom_only_xom

Skill      XL: |  1  2  3  4 |
---------------+-------------+-----
Axes           | 3 4 |  4.0
Armour         | 4 |  4.0
Shields        | 4 |  4.0
Fighting       | |  2.6

Action                   |  1- 3 |  4- 6 || total
-------------------------+-------+-------++-------
Melee: War axe           |    84 |     8 ||    92
 Abil: Heal Wounds       |     1 |       ||     1
  Eat: Chunk             |       |     1 ||     1
Armor: Scale mail        |    41 |       ||    41
Dodge: Dodged            |    26 |     1 ||    27
Block: Shield            |    57 |     4 ||    61

Table legend:
 A = Spawn XP
 B = Non-spawn XP
 C = Spawn XP percentage of total XP
 D = Spawn monster count
 E = Non-spawn monster count
 F = Spawn count percentage of total count
 G = Total turns spent on level
                    A         B        C        D         E        F      G
               +---------+---------+-------+---------+---------+-------+---------
         Total |       0 |     131 |   0.0 |       0 |      22 |   0.0 |  1413
               +---------+---------+-------+---------+---------+-------+---------
           D:1 |       0 |      34 |   0.0 |       0 |      13 |   0.0 |   980
           D:2 |       0 |      97 |   0.0 |       0 |       9 |   0.0 |   433
               +---------+---------+-------+---------+---------+-------+---------
